 Dungeon Crawl Stone Soup version 0.31-a0-303-gdc8c9485ea (webtiles) character file.

Game seed: 11068157837842058346

10714 arthad the Geomancer (level 11, 0/64 HPs)
             Began as a Gargoyle Earth Elementalist on July 16, 2023.
             Was an Initiate of Gozag.
             Slain by a two-headed ogre
             ... wielding a +0 giant club
              (12 damage)
             ... on level 11 of the Dungeon.
             The game lasted 00:32:20 (11131 turns).

arthad the Geomancer (Gargoyle Earth Elementalist) Turns: 11131, Time: 00:32:21

Health: 0/64       AC:  8    Str: 10    XL:     11   Next: 66%
Magic:  27/31      EV: 17    Int: 22    God:    Gozag
Gold:   1213       SH:  0    Dex:  5    Spells: 17/25 levels left

rFire   + . .        Z - +8 trident of Subterfuge {heavy, rF+ Will++ MP+9 Str-2}
rCold   + . .        (no shield)
rNeg    + . .        a - +1 robe
rPois   ∞            r - +3 helmet of Uczakute {Regen+ Int+2}
rElec   +            (no cloak)
rCorr   .            T - +0 pair of gloves
SInv    +            (no boots)
Will    ++...        (no amulet)
Stlth   +++          w - ring "Caebuwor" {rC+ EV+5 Dex-5 SInv}
HPRegen 1.10/turn    u - ring of wizardry
MPRegen 0.22/turn

%: wizardry (x1)
@: corroded
A: sickness immunity, AC +8, negative energy resistance 1, electricity
resistance, torment resistance 1, petrification resistance
a: Renounce Religion, Potion Petition, Call Merchant, Bribe Branch


You were on level 11 of the Dungeon.
You worshipped Gozag.
Gozag was most pleased with you.
You visited 2 branches of the dungeon, and saw 12 of its levels.
You also visited: Sewer.

You collected 1856 gold pieces.
You spent 240 gold pieces at shops.
You paid 403 gold pieces to Gozag.

Inventory:

Hand Weapons
 i - a +4 dagger
 Q - a +5 scimitar of freezing
 Z - the +8 trident of Subterfuge (weapon) {heavy, rF+ Will++ MP+9 Str-2}
   (You bought it in a shop on level 10 of the Dungeon)

   Str:       It affects your strength (-2).
   rF:        It protects you from fire.
   MP:        It affects your magic capacity (+9).
   Will:      It greatly increases your willpower.
Missiles
 g - 44 poisoned darts
 O - a curare-tipped dart
Armour
 a - a +1 robe (worn)
 r - the +3 helmet of Uczakute (worn) {Regen+ Int+2}
   (You found it on level 3 of the Dungeon)

   Int:       It affects your intelligence (+2).
   Regen:     It increases your rate of health regeneration.
 t - a +0 buckler
 K - the +6 scale mail of Boiling Hail {Harm rPois Str+5 Stlth-}
   (You found it on level 7 of the Dungeon)

   Str:       It affects your strength (+5).
   rPois:     It protects you from poison.
   Harm:      It increases damage dealt and taken.
   Stlth:     It makes you less stealthy.
 T - a +0 pair of gloves (worn)
Magical Staves
 I - a staff of conjuration
 R - a staff of cold
Jewellery
 c - a ring of positive energy
 d - a ring of resist corrosion
 m - a ring of protection from cold
 u - a ring of wizardry (right hand)
 w - the ring "Caebuwor" (left hand) {rC+ EV+5 Dex-5 SInv}
   (You found it on level 4 of the Dungeon)

   [ring of evasion]

   EV:        It affects your evasion (+5).
   Dex:       It affects your dexterity (-5).
   rC:        It protects you from cold.
   SInv:      It lets you see invisible.
 F - a +5 ring of evasion
 N - an amulet of guardian spirit
Talismans
 k - a maw talisman
 s - a serpent talisman
 v - a storm talisman
Wands
 j - a wand of polymorph (26)
 D - a wand of digging (7)
 J - a wand of flame (19)
 L - a wand of mindburst (4)
 Y - a wand of light (2)
Scrolls
 n - 3 scrolls of poison
 q - a scroll of torment {unknown}
 y - a scroll of brand weapon
 A - a scroll of summoning {unknown}
 B - 2 scrolls of fog {unknown}
 C - a scroll of teleportation {unknown}
 E - a scroll of enchant weapon {unknown}
 G - a scroll of amnesia {unknown}
 H - a scroll of vulnerability
 S - 2 scrolls of enchant armour
Potions
 b - a potion of magic
 e - 6 potions of mutation
 f - 7 potions of curing
 h - 2 potions of brilliance
 l - 2 potions of enlightenment
 o - a potion of attraction
 x - 5 potions of haste
 z - a potion of berserk rage {unknown}
 P - a potion of cancellation {unknown}
 U - a potion of might {unknown}
 V - a potion of invisibility {unknown}
 W - a potion of ambrosia {unknown}
 X - a potion of lignification {unknown}
Miscellaneous
 p - a phial of floods


   Skills:
 + Level 5.9 Fighting
 + Level 1.6(2.0) Polearms
 - Level 2.0(2.3) Staves
 + Level 1.5 Armour
 + Level 4.8 Dodging
 + Level 7.1 Stealth
 * Level 7.7 Spellcasting
 * Level 8.5 Conjurations
 + Level 4.7 Transmutations
 * Level 10.2 Earth Magic


You had 17 spell levels left.
You knew the following spells:

 Your Spells              Type           Power      Damage    Failure   Level
a - Sandblast             Erth           100%       2d20      1%          1
b - Stone Arrow           Conj/Erth      98%        3d13      1%          3
c - Petrify               Tmut/Erth      41%        N/A       1%          4

Your spell library contained the following spells:

 Spells                   Type           Power      Damage    Failure   Level
 Magic Dart               Conj           100%       1d8       1%          1
 Shock                    Conj/Air       100%       1d9       1%          1
 Passwall                 Tmut/Erth      34%        N/A       1%          2
 Searing Ray              Conj           92%        2d7       1%          2
 Necrotise                Necr           32%        1d5       3%          1
 Summon Small Mammal      Summ           32%        N/A       3%          1
 Animate Armour           Summ/Erth      62%        N/A       4%          4
 Fulminant Prism          Conj/Hex       13%        3d8       5%          4
 Call Canine Familiar     Summ           8%         N/A       9%          3
 Summon Guardian Golem    Hex/Summ       8%         N/A       9%          3
 Swiftness                Air            8%         N/A       9%          3
 Vampiric Draining        Necr           8%         2d6       9%          3
 Airstrike                Air            4%         2d(1-17)  28%         4
 Agony                    Necr           8%         N/A       61%         5
 Lehudib's Crystal Spear  Conj/Erth      24%        10d7      98%         8


Dungeon Overview and Level Annotations

Branches:
Dungeon (11/15)            Temple (1/1) D:6            Lair (0/5) D:11
    Orc (0/2) D:10          Sewer (visited)

Altars:
Ashenzari
Cheibriados
Dithmenos
Elyvilon
Fedhas
Gozag
Hepliaklqana
Kikubaaqudgha
Makhleb
Nemelex Xobeh
Okawaru
Qazlal
Ru
Sif Muna
Trog
Uskayaw
Vehumet
Wu Jian
Xom
Yredelemnul
Zin
The Shining One

Shops:
D:9 *   D:10 (

Annotations:
D:5 3 runed translucent doors, mwobee's ghost, weakling DjDe


Innate Abilities, Weirdness & Mutations

You are immune to sickness and miasma.
Your stone body is resilient. (AC +8)
You are immune to poison.
You resist negative energy. (rN+)
You are resistant to electric shocks. (rElec)
You are resistant to unholy torment.
You are immune to petrification.


Message History

Unknown command.
Unknown command.
Unknown command.
Unknown command.
Unknown command.
Unknown command.
Unknown command.
Unknown command.
Unknown command.
Unknown command.
Unknown command.
Unknown command.
Unknown command.
Unknown command.
Unknown command.
Unknown command.
Unknown command.
Okay, then.
Unknown command.
Unknown command.
Unknown command.
The two-headed ogre attacks as you move away!
The two-headed ogre hits you with a +0 giant club!
* * * LOW HITPOINT WARNING * * *
The two-headed ogre barely misses you.
The two-headed ogre is attracted toward you.
As you read the scroll labelled BUS KOCVOP, it crumbles to dust.
It is a scroll of enchant armour.
Your +0 robe glows green for a moment.
The two-headed ogre misses you.
The two-headed ogre completely misses you.
You feel less attractive to monsters.
There is an open door here.
A kobold demonologist comes into view. It is wielding a +0 dagger.
Okay, then.
The air fills with toxic fumes!
As you read the scroll of poison, it crumbles to dust.
The two-headed ogre closely misses you.
The two-headed ogre hits you with a +0 giant spiked club!
You die...
Your body crumbles into a pile of gold.

#............####
##§§§.###+#### ##.§§§##§§####
#...§§.#§§§§§# #....§§#§§§§§#
#.....§#§§§§§#
#......§§§§§§#.....
#......#O§§§§#.....
#......#@§§§§#....
########§§§###..#
##....##§§§###..#
#......§§§§§§...#
########.....§§§§§§§..#
#.....##....§§§§§§§§§§#
#......'....§§§§§##§§§# #
#.....##'#####§§§##§§K# .S#
#...[.##....##...##..)##....#


You could see a two-headed ogre and a kobold demonologist (wandering).

Vanquished Creatures
  A two-headed ogre (D:8)
  An orc knight (D:10)
  A manticore (D:11)
  A cyclops (D:7)
  A kobold demonologist (D:10)
  3 trolls
  A shadow (D:9)
  5 wyverns
  6 yaks
  2 wraiths (D:11)
  A vampire (D:11)
  A steam dragon (D:9)
  Edmund (D:6)
  3 acid dragons
  6 orc warriors (D:10)
  2 sky beasts (D:7)
  An ogre (D:7)
  2 ice beasts
  A black bear (D:4)
  4 centaurs
  A phantom (D:4)
  3 kobold brigands
  5 scorpions
  4 bullfrogs
  6 wights
  The ghost of Maxmaps the Trooper, a weakling OgSh (D:3)
  24 killer bees
  9 howler monkeys
  6 orc priests
  A jelly (D:7)
  A gnoll bouda (D:8)
  2 hounds
  A sleepcap (D:7)
  8 iguanas
  15 orc wizards
  Ijyb (D:5)
  11 adders
  7 gnolls
  2 white imps
  An ufetubus (D:6)
  5 worms
  3 dart slugs
  44 orcs
  6 ball pythons
  6 endoplasms
  11 giant cockroaches
  7 goblins
  5 hobgoblins
  6 quokkas
  5 bats
  7 frilled lizards
  24 kobolds
  2 rats (D:1)
284 creatures vanquished.

Notes
Turn   | Place    | Note
-------+----------+-------------------------------------------
     0 | D:1      | arthad the Gargoyle Earth Elementalist began the quest for
                  | the Orb.
     0 | D:1      | Reached XP level 1. HP: 10/10 MP: 3/3
   428 | D:1      | Reached XP level 2. HP: 16/16 MP: 0/5
   644 | D:1      | Reached skill level 4 in Earth Magic
  1201 | D:2      | Reached skill level 1 in Transmutations
  1259 | D:2      | Reached XP level 3. HP: 16/20 MP: 1/6
  1515 | D:2      | Learned a level 3 spell: Stone Arrow
  2059 | D:3      | Reached skill level 1 in Fighting
  2059 | D:3      | Reached XP level 4. HP: 25/25 MP: 4/7
  2228 | D:3      | Reached skill level 1 in Conjurations
  2304 | D:3      | Identified the +3 helmet of Uczakute {Regen+ Int+2}
  2734 | D:3      | Found a faded altar of an unknown god.
  2755 | D:3      | Found a basalt altar of Yredelemnul.
  2778 | D:3      | Found a runed translucent door.
  2779 | D:3      | Noticed Maxmaps's ghost (weakling OgSh)
  2952 | D:3      | Killed Maxmaps's ghost
  2953 | D:3      | Reached XP level 5. HP: 29/29 MP: 2/9
  3147 | D:4      | Noticed a black bear
  3154 | D:4      | Killed a black bear
  3155 | D:4      | Reached skill level 5 in Earth Magic
  3155 | D:4      | Reached XP level 6. HP: 34/34 MP: 5/10
  3197 | D:4      | Identified the ring "Caebuwor" {rC+ EV+5 Dex-5 SInv}
  3285 | D:4      | Learned a level 4 spell: Petrify
  3927 | D:5      | Entered Level 5 of the Dungeon
  3931 | D:5      | Reached XP level 7. HP: 40/40 MP: 9/12
  4086 | D:5      | Found a glowing drain.
  4096 | Sewer    | Entered a sewer
  4727 | D:5      | Noticed Ijyb
  4731 | D:5      | Killed Ijyb
  4790 | D:5      | Reached skill level 6 in Earth Magic
  4982 | D:5      | Found a runed translucent gate.
  4983 | D:5      | Found a runed translucent gate.
  4983 | D:5      | Noticed mwobee's ghost (weakling DjDe)
  4984 | D:5      | Found a runed translucent gate.
  5036 | D:5      | Reached XP level 8. HP: 45/45 MP: 10/14
  5358 | D:6      | Noticed Edmund
  5358 | D:6      | Noticed a yak
  5358 | D:6      | Noticed a yak
  5358 | D:6      | Noticed a yak
  5358 | D:6      | Noticed a yak
  5407 | D:6      | Found a broken altar of Ashenzari.
  5415 | D:6      | Killed a yak
  5415 | D:6      | Killed a yak
  5415 | D:6      | Killed a yak
  5415 | D:6      | Killed a yak
  5416 | D:6      | Reached skill level 5 in Conjurations
  5416 | D:6      | Reached skill level 7 in Earth Magic
  5416 | D:6      | Killed Edmund
  5417 | D:6      | Reached skill level 5 in Spellcasting
  5417 | D:6      | Reached XP level 9. HP: 48/51 MP: 14/16
  5417 | D:6      | Found a shadowy altar of Dithmenos.
  5507 | D:6      | Found an ornate altar of the Wu Jian Council.
  5521 | D:6      | Found a sacrificial altar of Ru.
  5521 | D:6      | Found a snail-covered altar of Cheibriados.
  5522 | D:6      | Found a hazy altar of Hepliaklqana.
  5573 | D:6      | Found a staircase to the Ecumenical Temple.
  5582 | Temple   | Entered the Ecumenical Temple
  5628 | Temple   | Became a worshipper of Gozag Ym Sagoz the Greedy
  5822 | D:7      | Reached skill level 5 in Stealth
  6115 | D:7      | Noticed a cyclops
  6123 | D:7      | Killed a cyclops
  6124 | D:7      | Reached skill level 8 in Earth Magic
  6303 | D:7      | Reached XP level 10. HP: 55/58 MP: 2/19
  6533 | D:7      | Identified the +6 scale mail of Boiling Hail {Harm rPois
                  | Str+5 Stlth-}
  7159 | D:8      | Found an ancient bone altar of Kikubaaqudgha.
  7216 | D:8      | Noticed a two-headed ogre
  7221 | D:8      | Killed a two-headed ogre
  7502 | D:8      | Reached skill level 9 in Earth Magic
  7949 | D:9      | Reached skill level 5 in Fighting
  8197 | D:9      | Reached skill level 1 in Staves
  8334 | D:9      | Found Vecis's Assorted Antiques.
  8344 | D:9      | Bought a yellow potion for 19 gold pieces
  8970 | D:10     | Entered Level 10 of the Dungeon
  9014 | D:10     | Reached XP level 11. HP: 64/64 MP: 2/21
  9132 | D:10     | Found Luremorr's Antique Weapon Shop.
  9185 | D:10     | Bought a bone trident for 221 gold pieces
  9185 | D:10     | Identified the +8 trident of Subterfuge {heavy, rF+ Will++
                  | MP+9 Str-2} (You bought it in a shop on level 10 of the
                  | Dungeon)
  9628 | D:10     | Found a glowing golden altar of the Shining One.
 10060 | D:10     | Found a staircase to the Orcish Mines.
 10469 | D:10     | Noticed an orc knight
 10474 | D:10     | Killed an orc knight
 10475 | D:10     | Reached skill level 1 in Polearms
 10626 | D:11     | Reached skill level 10 in Earth Magic
 10734 | D:11     | Reached skill level 1 in Armour
 10856 | D:11     | Found a staircase to the Lair.
 11100 | D:11     | Noticed a manticore
 11111 | D:11     | Killed a manticore
 11112 | D:11     | HP: 1/64 [acid dragon/splash of acid (25)]
 11119 | D:11     | Noticed a two-headed ogre
 11131 | D:11     | Slain by a two-headed ogre

Illustrated notes

Levels and vault maps discovered:
D:1:      wheals_arrival_linesprint, layout_basic, patterned_corridor
D:2:      layout_loops_cross, hangedman_feature_mirror
D:3:      layout_basic, nicolae_overflow_ecumenical_swirl,
          ebering_ghost_sewer_d, minmay_checkerbox
D:4:      layout_basic, hangedman_decor_clover_reticule
D:5:      layout_cave_pools, cheibrodos_sewer_entry_bend, serial_column_ruins,
          column_ruins_hut_ruined, column_ruins_hut,
          column_ruins_columns_straight, column_ruins_open_large,
          column_ruins_columns_corner, column_ruins_grid_3,
          column_ruins_columns_dead_end, gammafunk_ghost_split, uniq_ijyb
D:6:      layout_gridville, grunt_temple_overflow_open,
          minmay_temple_entry_trees, uniq_edmund
D:7:      layout_gridville, st_stairs_4, minmay_fractal_squares_5
D:8:      layout_basic, mainiacjoe_overflow_alcove_2
D:9:      layout_grid_maze, small_statue_intersection, kennysheep_windowed_goal
D:10:     layout_long_grid, nicolae_tso_carved_into_rock, david_orc_5,
          nicolae_stop_n_shop_1
D:11:     minmay_angry_zag, layout_gridville, minmay_lair_entry_grove, uniq_grum
Temple:   hellmonk_temple_forest_ring

Skill      XL: |  1  2  3  4  5  6  7  8  9 10 11 |
---------------+----------------------------------+-----
Earth Magic    | 4 5 6 7 8 9 10 | 10.2
Transmutations | 1 2 3 4 |  4.7
Fighting       | 1 2 3 4 5 |  5.9
Conjurations   | 1 2 3 5 6 7 8 |  8.5
Dodging        | 2 3 4 |  4.8
Stealth        | 3 4 5 6 7 |  7.1
Spellcasting   | 3 4 5 6 7 |  7.7
Staves         | 1 2 |  2.0
Polearms       | 1 |  1.6
Armour         | 1 |  1.5

Action                     |  1- 3 |  4- 6 |  7- 9 | 10-12 || total
---------------------------+-------+-------+-------+-------++-------
  Melee: Unarmed           |     2 |       |       |       ||     2
         Dagger            |       |       |    13 |       ||    13
         Trident           |       |       |       |     2 ||     2
   Cast: Sandblast         |    56 |    68 |   139 |   221 ||   484
         Stone Arrow       |       |       |     5 |    47 ||    52
         Petrify           |       |       |     1 |     1 ||     2
 Invoke: Potion Petition   |       |       |       |     1 ||     1
  Evoke: Wand              |       |       |       |     2 ||     2
         Phial of floods   |       |       |       |     1 ||     1
    Use: Scroll            |       |       |    11 |     8 ||    19
         Potion            |       |       |       |     2 ||     2
   Stab: Sleeping          |       |       |       |     1 ||     1
 Armour: Robe              |     6 |    10 |    36 |    46 ||    98
  Dodge: Dodged            |     3 |    18 |   101 |   152 ||   274

Table legend: (Time is in decaauts)
 A = Elapsed time spent in this place.
 B = Non-inter-level travel time spent in this place.
 C = Inter-level travel time spent in this place.
 D = Time resting spent in this place.
 E = Time spent auto-exploring this place.
 F = Levels seen in this place.
 G = Mean time per level.
                   A        B        C        D        E       F      G
               +--------+--------+--------+--------+--------+-----+--------+
         Total |  11472 |  10945 |    527 |    257 |   8858 |  13 |  882.5 |
       Dungeon |  10633 |  10119 |    514 |    257 |   8176 |  11 |  966.6 |
        Temple |    155 |    142 |     13 |      0 |    129 |   1 |  155.0 |
         Sewer |    682 |    682 |      0 |      0 |    552 |   1 |  682.0 |
               +--------+--------+--------+--------+--------+-----+--------+

Top non-repeatable levels by time:
    D:10: 1665 daAuts
     D:7: 1259 daAuts
     D:1: 1211 daAuts
     D:9: 1095 daAuts
     D:3: 1055 daAuts
     D:8: 1027 daAuts
     D:5: 980 daAuts
     D:4: 875 daAuts
     D:2: 847 daAuts
   Sewer: 682 daAuts
    D:11: 437 daAuts
     D:6: 179 daAuts
  Temple: 155 daAuts
